 Dungeon Crawl Stone Soup version 0.28-b1-25-g9875b3fc8c (webtiles) character file.

Game seed: 10304248189617063252

18 Akaron the Conjurer (level 2, -1/17 HPs)
             Began as an Octopode Conjurer on Feb 2, 2022.
             Slain by Terence (9 damage)
             ... on level 2 of the Dungeon.
             The game lasted 00:01:38 (972 turns).

Akaron the Conjurer (Octopode Conjurer)              Turns: 972, Time: 00:01:38

Health: -1/17      AC:  1    Str:  6    XL:     2   Next: 66%
Magic:  0/5        EV: 13    Int: 20    God:
Gold:   25         SH:  0    Dex: 10    Spells: 2/5 levels left

rFire   . . .      SeeInvis .   c - +1 short sword (vamp)
rCold   . . .      Faith    .   (no shield)
rNeg    . . .      Spirit   .   (helmet restricted)
rPois   .          Reflect  .   (no amulet)
rElec   .          Harm     .   (no ring)
rCorr   .          Rampage  .   (no ring)
Will    .....                   (no ring)
Stlth   +++.......              (no ring)
HPRegen 0.05/turn               (no ring)
MPRegen 0.09/turn               (no ring)
                                (no ring)
                                (no ring)

@: no status effects
A: almost no armour, amphibious, 8 rings, camouflage 1, gelatinous body 1,
(nimble swimmer 1), tentacles
a: no special abilities


You were on level 2 of the Dungeon.
You visited 1 branch of the dungeon, and saw 2 of its levels.

You collected 25 gold pieces.

Inventory:

Hand Weapons
 c - a +1 vampiric short sword (weapon)
Scrolls
 d - a scroll of identify {unknown}
Potions
 a - a potion of attraction {unknown}
 b - a potion of curing {unknown}
 e - a potion of flight {unknown}
 f - a potion of heal wounds {unknown}
 g - a potion of ambrosia {unknown}


   Skills:
 + Level 2.1 Dodging
 + Level 2.8 Stealth
 + Level 2.1 Spellcasting
 + Level 4.5 Conjurations


You had 2 spell levels left.
You knew the following spells:

 Your Spells              Type           Power      Damage    Failure   Level
a - Magic Dart            Conj           80%        1d7       2%          1
b - Searing Ray           Conj           40%        2d5       3%          2

Your spell library contained the following spells:

 Spells                   Type           Power      Damage    Failure   Level
 Dazzling Flash           Conj/Hex       22%        N/A       19%         3
 Fulminant Prism          Conj/Hex       5%         3d7       52%         4
 Iskenderun's Mystic Bla  Conj/Tloc      11%        2d4       52%         4


Dungeon Overview and Level Annotations

Branches:
Dungeon (2/15)

Altars:

Shops:
D:1 [

Annotations:
D:2 Terence


Innate Abilities, Weirdness & Mutations

You cannot wear most types of armour.
You are amphibious.
You can wear up to eight rings at the same time.
Your skin changes colour to match your surroundings (Stealth+).
Your rubbery body absorbs attacks. (AC +1, EV +1)
((You are camouflaged when in or above water. (Stealth+)))
You have tentacles for arms and can constrict up to eight enemies at once.


Message History

The magic dart hits the hobgoblin.
You kill the hobgoblin!
g - a silvery potion
Found a stone staircase leading down.
An endoplasm comes into view.
The endoplasm moves out of view.
Terence the Incautious comes into view.
He is wielding a +0 flail of holy wrath.
Found an amethyst potion.
Terence shouts!
The magic dart hits Terence.
Terence is lightly wounded.
The endoplasm quivers.
The magic dart hits Terence.
Terence is moderately wounded.
The magic dart hits Terence but does no damage.
Terence is moderately wounded.
The magic dart hits Terence.
Terence is moderately wounded.
The magic dart hits Terence.
Terence is heavily wounded.
You hit Terence. You grab Terence.
Terence is heavily wounded.
You constrict Terence, but do no damage.
Terence closely misses you.
You hit Terence.
Terence is heavily wounded.
You constrict Terence, but do no damage.
Terence hits you with a +0 flail of holy wrath!
Ouch! That really hurt!
* * * LOW HITPOINT WARNING * * *
You hit Terence.
Terence is severely wounded.
You constrict Terence, but do no damage.
Terence closely misses you.
You hit Terence.
You feel better.
Terence is almost dead.
You constrict Terence.
Terence hits you with a +0 flail of holy wrath!
Ouch! That really hurt!
You die...

# .. ##.######### ..!
#..........# ...
#..#######.# .. .
#........#.####.#....
#............@@J.....
####.........#########..
..................
.....#.......####.
.................
.....#.......####
..............>.
.....#########.# ####.#
.#


You could see Terence and an endoplasm.

Vanquished Creatures
  A dart slug (D:1)
  2 ball pythons (D:1)
  A bat (D:1)
  2 endoplasms (D:1)
  2 goblins
  3 hobgoblins
  2 kobolds (D:1)
13 creatures vanquished.

Notes
Turn   | Place    | Note
-------+----------+-------------------------------------------
     0 | D:1      | Akaron the Octopode Conjurer began the quest for the Orb.
     0 | D:1      | Reached XP level 1. HP: 11/11 MP: 3/3
   293 | D:1      | Reached XP level 2. HP: 17/17 MP: 0/5
   296 | D:1      | Learned a level 2 spell: Searing Ray
   435 | D:1      | Found a faded altar of an unknown god.
   752 | D:1      | Found Ziuhoruk's Antique Armour Shoppe.
   963 | D:2      | Noticed Terence
   972 | D:2      | Slain by Terence

Illustrated notes

Levels and vault maps discovered:
D:1:      lightli_arrival_quake, layout_rooms, chequers_ecumenical_altar_grove,
          serial_shops, nicolae_shop_crystal, lemuel_old_faithful
D:2:      layout_basic, basic_altar, minmay_snake_closets, uniq_terence

Action                   || total
-------------------------++-------
Melee: Short sword       ||     4
       Constrict         ||     1
 Cast: Magic Dart        ||    30
Dodge: Dodged            ||     4
